%YAML 1.1
%TAG !u! tag:unity3d.com,2011:
--- !u!1 &9185428637724866091
GameObject:
  m_ObjectHideFlags: 0
  m_CorrespondingSourceObject: {fileID: 0}
  m_PrefabInstance: {fileID: 0}
  m_PrefabAsset: {fileID: 0}
  serializedVersion: 6
  m_Component:
  - component: {fileID: 9185428637724866095}
  - component: {fileID: 9185428637724866093}
  - component: {fileID: 9185428637724866082}
  - component: {fileID: 1447979556494703586}
  m_Layer: 0
  m_Name: Fish
  m_TagString: Untagged
  m_Icon: {fileID: 0}
  m_NavMeshLayer: 0
  m_StaticEditorFlags: 0
  m_IsActive: 1
--- !u!4 &9185428637724866095
Transform:
  m_ObjectHideFlags: 0
  m_CorrespondingSourceObject: {fileID: 0}
  m_PrefabInstance: {fileID: 0}
  m_PrefabAsset: {fileID: 0}
  m_GameObject: {fileID: 9185428637724866091}
  m_LocalRotation: {x: 0, y: 0, z: 0, w: 1}
  m_LocalPosition: {x: 0, y: 0, z: 0}
  m_LocalScale: {x: 1, y: 1, z: 1}
  m_Children:
  - {fileID: 5210521439198138969}
  m_Father: {fileID: 0}
  m_RootOrder: 0
  m_LocalEulerAnglesHint: {x: 0, y: 0, z: 0}
--- !u!114 &9185428637724866093
MonoBehaviour:
  m_ObjectHideFlags: 0
  m_CorrespondingSourceObject: {fileID: 0}
  m_PrefabInstance: {fileID: 0}
  m_PrefabAsset: {fileID: 0}
  m_GameObject: {fileID: 9185428637724866091}
  m_Enabled: 1
  m_EditorHideFlags: 0
  m_Script: {fileID: 11500000, guid: daf78b1ef31125748afffa628db66955, type: 3}
  m_Name: 
  m_EditorClassIdentifier: 
  _maxSpeed: 1
  _currentSpeed: 0.5
--- !u!114 &9185428637724866082
MonoBehaviour:
  m_ObjectHideFlags: 0
  m_CorrespondingSourceObject: {fileID: 0}
  m_PrefabInstance: {fileID: 0}
  m_PrefabAsset: {fileID: 0}
  m_GameObject: {fileID: 9185428637724866091}
  m_Enabled: 1
  m_EditorHideFlags: 0
  m_Script: {fileID: 11500000, guid: 7d819315315203d418ebb6ea5405a0f0, type: 3}
  m_Name: 
  m_EditorClassIdentifier: 
--- !u!64 &1447979556494703586
MeshCollider:
  m_ObjectHideFlags: 0
  m_CorrespondingSourceObject: {fileID: 0}
  m_PrefabInstance: {fileID: 0}
  m_PrefabAsset: {fileID: 0}
  m_GameObject: {fileID: 9185428637724866091}
  m_Material: {fileID: 0}
  m_IsTrigger: 1
  m_Enabled: 1
  serializedVersion: 4
  m_Convex: 1
  m_CookingOptions: 30
  m_Mesh: {fileID: 2586148439552901436, guid: 6ecc369aa85c6b543b2e9853400d5254, type: 3}
--- !u!1001 &5748216935884731826
PrefabInstance:
  m_ObjectHideFlags: 0
  serializedVersion: 2
  m_Modification:
    m_TransformParent: {fileID: 9185428637724866095}
    m_Modifications:
    - target: {fileID: -8679921383154817045, guid: 6ecc369aa85c6b543b2e9853400d5254, type: 3}
      propertyPath: m_RootOrder
      value: 0
      objectReference: {fileID: 0}
    - target: {fileID: -8679921383154817045, guid: 6ecc369aa85c6b543b2e9853400d5254, type: 3}
      propertyPath: m_LocalPosition.x
      value: -0
      objectReference: {fileID: 0}
    - target: {fileID: -8679921383154817045, guid: 6ecc369aa85c6b543b2e9853400d5254, type: 3}
      propertyPath: m_LocalPosition.y
      value: -0.5
      objectReference: {fileID: 0}
    - target: {fileID: -8679921383154817045, guid: 6ecc369aa85c6b543b2e9853400d5254, type: 3}
      propertyPath: m_LocalPosition.z
      value: 0
      objectReference: {fileID: 0}
    - target: {fileID: -8679921383154817045, guid: 6ecc369aa85c6b543b2e9853400d5254, type: 3}
      propertyPath: m_LocalRotation.w
      value: 1
      objectReference: {fileID: 0}
    - target: {fileID: -8679921383154817045, guid: 6ecc369aa85c6b543b2e9853400d5254, type: 3}
      propertyPath: m_LocalRotation.x
      value: 0
      objectReference: {fileID: 0}
    - target: {fileID: -8679921383154817045, guid: 6ecc369aa85c6b543b2e9853400d5254, type: 3}
      propertyPath: m_LocalRotation.y
      value: 0
      objectReference: {fileID: 0}
    - target: {fileID: -8679921383154817045, guid: 6ecc369aa85c6b543b2e9853400d5254, type: 3}
      propertyPath: m_LocalRotation.z
      value: 0
      objectReference: {fileID: 0}
    - target: {fileID: -8679921383154817045, guid: 6ecc369aa85c6b543b2e9853400d5254, type: 3}
      propertyPath: m_LocalEulerAnglesHint.x
      value: 0
      objectReference: {fileID: 0}
    - target: {fileID: -8679921383154817045, guid: 6ecc369aa85c6b543b2e9853400d5254, type: 3}
      propertyPath: m_LocalEulerAnglesHint.y
      value: 0
      objectReference: {fileID: 0}
    - target: {fileID: -8679921383154817045, guid: 6ecc369aa85c6b543b2e9853400d5254, type: 3}
      propertyPath: m_LocalEulerAnglesHint.z
      value: 0
      objectReference: {fileID: 0}
    - target: {fileID: -7511558181221131132, guid: 6ecc369aa85c6b543b2e9853400d5254, type: 3}
      propertyPath: m_Materials.Array.data[0]
      value: 
      objectReference: {fileID: 2100000, guid: 3543e1a8f8dc2bf45a016d4a7fa20f18, type: 2}
    - target: {fileID: 919132149155446097, guid: 6ecc369aa85c6b543b2e9853400d5254, type: 3}
      propertyPath: m_Name
      value: Fish
      objectReference: {fileID: 0}
    m_RemovedComponents: []
  m_SourcePrefab: {fileID: 100100000, guid: 6ecc369aa85c6b543b2e9853400d5254, type: 3}
--- !u!4 &5210521439198138969 stripped
Transform:
  m_CorrespondingSourceObject: {fileID: -8679921383154817045, guid: 6ecc369aa85c6b543b2e9853400d5254, type: 3}
  m_PrefabInstance: {fileID: 5748216935884731826}
  m_PrefabAsset: {fileID: 0}
